 Dungeon Crawl Stone Soup version 0.18.1-50-g88ac8fd (webtiles) character file.

214 Fiskpinne the Firebug (level 5, -14/38 HPs)
             Began as a Draconian Fire Elementalist on Oct 28, 2016.
             Was an Initiate of Vehumet.
             Demolished by a two-headed ogre
             ... wielding a +0 giant club
              (25 damage)
             ... on level 2 of the Dungeon.
             The game lasted 00:09:58 (2675 turns).

Fiskpinne the Firebug (Draconian Fire Elementalist) Turns: 2675, Time: 00:09:59

Health: -14/38     AC:  5    Str: 10    XL:     5   Next: 60%
Magic:  5/8        EV: 12    Int: 17    God:    Vehumet [......]
Gold:   137        SH:  0    Dex: 11    Spells: 3 memorised, 2 levels left

rFire  . . .     SeeInvis .     p - +0 trident (distort)
rCold  . . .     Gourm    .     (armour unavailable)
rNeg   . . .     Faith    .     (no shield)
rPois  .         Spirit   .     (helmet restricted)
rElec  .         Dismiss  .     (no cloak)
rCorr  .         Reflect  .     (no gloves)
SustAt .         Harm     .     (no boots)
MR     .....                    (no amulet)
Stlth  ++........               (no ring)
                                (no ring)

@: very slightly contaminated, not resistant to hostile enchantments, unstealthy
A: unfitting armour, cold-blooded, AC +5
a: Renounce Religion


You were on level 2 of the Dungeon.
You worshipped Vehumet.
Vehumet was noncommittal.
You were not hungry.

You visited 1 branch of the dungeon, and saw 3 of its levels.

You collected 137 gold pieces.

Inventory:

Hand Weapons
 p - a +0 trident of distortion (weapon)
Missiles
 d - 144 stones (quivered)
 m - 5 needles of frenzy
Wands
 n - a wand of disintegration (11/24)
Scrolls
 e - 3 scrolls of remove curse
 k - 2 scrolls of identify
 o - a scroll of amnesia
Potions
 g - a potion of ambrosia
 h - a potion of cure mutation {unknown}
 i - a potion of heal wounds {unknown}
 j - a potion of degeneration {unknown}
 l - a potion of curing {unknown}
Books
 a - a book of Flames

   Spells                             Type                      Level
   a - Flame Tongue                   Conjuration/Fire             1
   b - Throw Flame                    Conjuration/Fire             2
   c - Conjure Flame                  Conjuration/Fire             3
   d - Inner Flame                    Hexes/Fire                   3
   e - Sticky Flame                   Conjuration/Fire             4
   f - Fireball                       Conjuration/Fire             5
 q - a book of the Sky

   Spells                             Type                      Level
   a - Summon Lightning Spire         Summoning/Air                4
   b - Airstrike                      Air                          4
   c - Silence                        Hexes/Air                    5
   d - Deflect Missiles               Charms/Air                   6
   e - Conjure Ball Lightning         Conjuration/Air              6
   f - Tornado                        Air                          9
Comestibles
 b - 3 bread rations
 c - 5 meat rations
 f - 6 chunks of flesh


   Skills:
 + Level 0.6 Polearms
 - Level 1.7 Dodging
 - Level 1.7 Stealth
 - Level 2.0 Spellcasting
 * Level 3.8 Conjurations
 * Level 4.9 Fire Magic


You had 2 spell levels left.
You knew the following spells:

 Your Spells              Type           Power        Failure   Level  Hunger
a - Flame Tongue          Conj/Fire      ###..        3%          1    #......
b - Throw Flame           Conj/Fire      ###...       6%          2    ###....
c - Inner Flame           Hex/Fire       ##......     24%         3    ###....


Dungeon Overview and Level Annotations

Branches:
Dungeon (3/15)

Altars:
Ashenzari
Gozag
Nemelex Xobeh
Sif Muna
Trog
Vehumet
Yredelemnul


Innate Abilities, Weirdness & Mutations

Your plain brown scales are hard (AC +5).
Your body does not fit into most forms of armour.
You are cold-blooded and may be slowed by cold attacks.


Message History

Aim: a two-headed ogre, wielding a giant club and a giant spiked club The flame tongue hits the two-headed ogre.
The two-headed ogre is moderately wounded.
The goblin shoots a sling bullet.
The sling bullet closely misses you.
You see here a sling bullet.
The goblin shoots a sling bullet.
The sling bullet hits you but does no damage.
The two-headed ogre barely misses you.
The two-headed ogre completely misses you.
There is a stone staircase leading up here.
You see here a sling bullet.
The goblin shoots a sling bullet.
The sling bullet barely misses you.
The two-headed ogre hits you with a giant club!
The two-headed ogre hits you with a giant spiked club!
* * * LOW HITPOINT WARNING * * *
You climb upwards.
There is a stone staircase leading down here.
The two-headed ogre hits you with a giant club!!
Ouch! That really hurt!
You die...

.'...'..≈≈≈.##
##...#..≈≈#.####
.#####..≈≈.....##
.......)≈≈......## ###
......)≈≈≈...>...# #..
≈≈≈≈≈≈≈≈≈........# #..
≈≈≈≈≈≈≈≈.....[...# #..
#######........O.# ###..
#.........@# ####....
##.......[.## ###....#..
###....).....)######...####..
#........................#...
#..............###...........
#...............#...#.......(
###..........................
##......)..................
##......##.#.###..........


You could see a two-headed ogre.

Vanquished Creatures
  Jessica (D:2)
  Ijyb (D:2)
  Terence (D:2)
  4 adders (D:2)
  An ooze (D:2)
  A worm (D:2)
  A dart slug (D:2)
  4 giant geckos (D:2)
  An orc (D:3)
  5 giant cockroaches
  14 goblins
  12 hobgoblins
  11 jackals
  A ball python (D:1)
  6 bats
  A giant newt (D:2)
  8 kobolds
  9 rats
82 creatures vanquished.

Notes
Turn   | Place    | Note
--------------------------------------------------------------
     0 | D:1      | Fiskpinne the Draconian Fire Elementalist began the quest for the Orb.
     0 | D:1      | Reached XP level 1. HP: 14/14 MP: 3/3
   203 | D:1      | Reached XP level 2. HP: 17/20 MP: 0/5
   579 | D:1      | Reached XP level 3. HP: 26/26 MP: 3/6
   630 | D:1      | Learned a level 2 spell: Throw Flame
   634 | D:1      | Learned a level 3 spell: Inner Flame
  1061 | D:2      | Reached skill level 4 in Fire Magic
  1425 | D:2      | Found a faded altar to an unknown god.
  1430 | D:2      | Reached XP level 4. HP: 33/33 MP: 2/7
  1952 | D:2      | Noticed Terence
  2157 | D:2      | Noticed Jessica
  2158 | D:2      | Killed Terence
  2158 | D:2      | Reached XP level 5. HP: 21/38 MP: 5/8
  2165 | D:2      | Killed Jessica
  2344 | D:2      | Found a basalt altar of Yredelemnul.
  2349 | D:2      | Found a deep blue altar of Sif Muna.
  2355 | D:2      | Found a bloodstained altar of Trog.
  2355 | D:2      | Found a radiant altar of Vehumet.
  2355 | D:2      | Found a sparkling altar of Nemelex Xobeh.
  2355 | D:2      | Found a shattered altar of Ashenzari.
  2359 | D:2      | Found an opulent altar of Gozag.
  2363 | D:2      | Became a worshipper of Vehumet
  2481 | D:2      | Noticed Ijyb
  2504 | D:2      | Killed Ijyb
  2658 | D:3      | Noticed a two-headed ogre
  2675 | D:2      | Demolished by a two-headed ogre

Skill      XL: |  1  2  3  4 |
---------------+-------------+-----
Conjurations   | 2 3 |  3.8
Fire Magic     | 4 |  4.9
Polearms       | |  0.6
Dodging        | |  1.7
Stealth        | |  1.7
Spellcasting   | |  2.0

Action                   |  1- 3 |  4- 6 || total
-------------------------+-------+-------++-------
Melee: Unarmed           |    20 |    23 ||    43
       Tailslap          |     4 |     2 ||     6
       Trident           |       |     9 ||     9
 Cast: Flame Tongue      |    80 |    73 ||   153
  Use: Scroll            |       |     5 ||     5
  Eat: Chunk             |     3 |     5 ||     8
Armor: Skin              |    36 |    13 ||    49
Dodge: Dodged            |    68 |    66 ||   134
